 Seeded DCSS version 0.25.1-8-g42b30a86e7 (webtiles) character file.

Game seed: 11150256842881738153 (custom seed)

10136 sahdkjhfkaj the Thaumaturge (level 11, 0/89 HPs)
             Began as a Demonspawn Venom Mage on Dec 5, 2020.
             Was an Initiate of Gozag.
             Slain by a six-headed hydra (4 damage)
             ... on level 1 of the Lair of Beasts.
             The game lasted 00:32:04 (17716 turns).

sahdkjhfkaj the Thaumaturge (DsVM)                 Turns: 17716, Time: 00:32:05

Health: 0/89       AC:  7    Str: 18    XL:     11   Next: 32%
Magic:  22/25      EV: 18    Int: 19    God:    Gozag
Gold:   1752       SH:  0    Dex: 13    Spells: 17/30 levels left

rFire    + . .     SeeInvis .   a - +0 arbalest
rCold    + . .     Gourm    .   (shield currently unavailable)
rNeg     . . .     Faith    .   E - +2 robe of Ryenod {rF+ Str+2}
rPois    .         Spirit   .   (helmet restricted)
rElec    .         Reflect  .   B - scarf {repulsion}
rCorr    .         Harm     .   (no gloves)
MR       .....                  (no boots)
Stlth    ++........             (no amulet)
HPRegen  0.24/turn              A - +4 ring of evasion
MPRegen  0.19/turn              r - +6 ring of strength (curse)

@: repel missiles
A: horns 2, slimy green scales 2, cold resistance 1, demonic guardian 2
a: Potion Petition, Call Merchant, Bribe Branch, Renounce Religion


You were on level 1 of the Lair of Beasts.
You worshipped Gozag.
Gozag was most pleased with you.
You were not hungry.

You visited 3 branches of the dungeon, and saw 12 of its levels.

You collected 1844 gold pieces.
You paid 92 gold pieces to Gozag.

Inventory:

Hand Weapons
 a - a +0 arbalest (weapon)
Missiles
 j - 2 throwing nets {!f}
 x - 115 bolts (quivered)
Armour
 B - a scarf of repulsion (worn)
 E - the +2 robe of Ryenod (worn) {rF+ Str+2}
   (You found it on level 1 of the Lair of Beasts)

   It affects your strength (+2).
   It protects you from fire.
Jewellery
 l - an uncursed ring of protection from cold {unknown}
 r - a cursed +6 ring of strength (right hand)
 s - an uncursed ring of stealth
 A - a +4 ring of evasion (left hand)
 D - a +4 ring of protection {unknown}
Wands
 t - a wand of flame (31)
 y - a wand of digging (11)
Scrolls
 b - 6 scrolls of blinking {!r}
 e - 3 scrolls of magic mapping {!r}
 g - 3 scrolls of fog {!r}
 k - a scroll of enchant weapon {!r}
 m - a scroll of remove curse {!r}
 o - 2 scrolls of amnesia {!r}
 p - 4 scrolls of teleportation {!r}
 q - 6 scrolls of fear {!r}
 v - 2 scrolls of immolation {!r}
Potions
 d - a potion of berserk rage {!q}
 f - a potion of invisibility {!q}
 h - 2 potions of haste {!q, unknown}
 i - 3 potions of lignification {!q}
 n - 4 potions of curing {!q}
 u - a potion of brilliance {!q, unknown}
 w - a potion of degeneration {!q, unknown}
 z - a potion of stabbing {!q, unknown}
 C - 2 potions of magic {!q}
 F - a potion of ambrosia {!q, unknown}
Comestibles
 c - 4 rations


   Skills:
 + Level 9.0 Fighting
 - Level 5.0 Dodging
 - Level 2.0 Stealth
 - Level 10.0 Spellcasting
 - Level 3.0 Transmutations
 - Level 3.0 Fire Magic
 - Level 3.0 Air Magic
 - Level 7.0 Poison Magic
 - Level 5.0 Evocations


You had 17 spell levels left.
You knew the following spells:

 Your Spells              Type           Power        Failure   Level  Hunger
a - Sting                 Tmut/Pois      ####         1%          1    None
b - Poisonous Vapours     Pois/Air       ####..       1%          2    None
c - Ignite Poison         Fire/Tmut/Pois ####....     3%          3    None
d - Mephitic Cloud        Conj/Pois/Air  ###.....     6%          3    None
A - Olgreb's Toxic Radia  Pois           #####...     4%          4    ##.....

Your spell library contained the following spells:

 Spells                   Type           Power        Failure   Level  Hunger
 Passwall                 Tmut/Erth      ###.....     6%          2    None
 Magic Dart               Conj           #...         8%          1    None
 Sandblast                Erth           #.....       8%          1    None
 Summon Small Mammal      Summ           #...         8%          1    None
 Blink                    Tloc           N/A          11%         2    None
 Call Imp                 Summ           #.......     11%         2    None
 Slow                     Hex            #.......     11%         2    None
 Conjure Flame            Conj/Fire      ###.....     12%         3    None
 Call Canine Familiar     Summ           #.......     22%         3    None
 Stone Arrow              Conj/Erth      #.....       22%         3    None
 Summon Guardian Golem    Hex/Summ       #.......     22%         3    None
 Petrify                  Tmut/Erth      ###.....     36%         4    ##.....
 Summon Lightning Spire   Summ/Air       ###.....     36%         4    ##.....
 Summon Ice Beast         Ice/Summ       #.......     58%         4    ##.....
 Lee's Rapid Deconstruct  Erth           #.........   90%         5    #####..


Dungeon Overview and Level Annotations

Branches:
Dungeon (10/15)            Temple (1/1) D:5            Lair (1/6) D:10
    Orc (0/2) D:9

Altars:
Ashenzari
Cheibriados
Dithmenos
Elyvilon
Fedhas
Gozag
Hepliaklqana
Kikubaaqudgha
Makhleb
Nemelex Xobeh
Okawaru
Qazlal
Ru
Sif Muna
Trog
Uskayaw
Vehumet
Wu Jian
Xom
Yredelemnul
Zin
The Shining One

Annotations:
D:5 2 transporters, sahdkjhfkaj's ghost, novice TeCj
D:6 1 runed translucent door


Innate Abilities, Weirdness & Mutations

You have a pair of horns on your head.
You are mostly covered in slimy green scales. (AC +3)
Your flesh is cold resistant. (rC+)
A demonic guardian rushes to your aid.


Message History

Aiming: Sting (safe; 1% risk of failure)
Press: ? - help, Shift-Dir - straight line, f/p - six-headed hydra
Aim: a six-headed hydra The sting hits the six-headed hydra.
The six-headed hydra partially resists.
The six-headed hydra is lightly wounded.
Your ice devil disappears in a puff of smoke!
The six-headed hydra bites you!
* * * LOW HITPOINT WARNING * * *
The six-headed hydra bites you!
* * * LOW HITPOINT WARNING * * *
The six-headed hydra barely misses you. The six-headed hydra bites you.
* * * LOW HITPOINT WARNING * * *
The six-headed hydra bites you but does no damage.
The six-headed hydra completely misses you.
Your magical contamination has completely faded away.
The six-headed hydra barely misses you. The six-headed hydra bites you!
* * * LOW HITPOINT WARNING * * *
The six-headed hydra bites you.
You die...
Your body crumbles into a pile of gold.

............#.# ##.#####
...^........#.# ### #.......
.#......P####.########.####......
.##.##.........>.................
.P..#............................
.......................###.#.####
.......................# ##### #
.....########.##.3.....# .....#
####@......# .....# #D......#
.....# #.......# .....# #.###.#.#
.....# #.#...#.#### #### .....#
#.#...#.P.P####P#P ......
#.P............... ....# ###
#.....#...#####.#.
.....#####.####.P.......#.......


You could see a six-headed hydra and a friendly sixfirhy (summoned).

Vanquished Creatures
  A catoblepas (Lair:1)
  A two-headed ogre (D:10)
  Pikel (D:4)
  2 kobold demonologists (D:10)
  2 hippogriffs
  A vampire (D:10)
  2 wyverns
  7 yaks
  A human (D:9)
  A basilisk (Lair:1)
  2 water moccasins (Lair:1)
  2 porcupines
  2 orc warriors
  A sky beast (D:5)
  3 black bears
  An ice beast (D:10)
  2 phantoms
  3 wolves (Lair:1)
  2 ogres
  A centaur (D:10)
  2 crocodiles (D:10)
  4 big kobolds (D:10)
  3 bullfrogs
  8 scorpions
  8 killer bees
  2 howler monkeys (D:10)
  3 crimson imps
  2 bullfrog zombies
  2 centaur zombies
  A jelly (D:9)
  2 orc priests
  3 hounds
  7 orc wizards
  Jessica (D:5)
  2 iguanas
  7 worker ants
  A worker ant zombie (D:10)
  8 adders
  3 gnolls (D:3)
  A shadow imp (D:9)
  An ooze (D:4)
  2 adder zombies
  A worm (D:3)
  5 dart slugs
  3 leopard geckos
  27 orcs
  6 bats
  11 giant cockroaches
  3 goblins
  7 hobgoblins
  4 jackals (D:10)
  7 kobolds
  5 quokkas
  5 frilled lizards
  2 goblin zombies (D:6)
  A hobgoblin zombie (D:6)
  2 kobold skeletons (D:6)
  2 kobold zombies (D:6)
  2 leopard gecko skeletons
  An orc skeleton (D:6)
  2 orc zombies (D:6)
  A quokka zombie (D:5)
  A rat (D:2)
  3 butterflies (D:6)
212 creatures vanquished.

Vanquished Creatures (collateral kills)
  2 two-headed ogres
  Joseph (D:7)
  A basilisk (D:10)
  A warg (D:9)
  2 ice beasts
  2 orc warriors
  A black bear (D:7)
  An eye of draining (D:10)
  A phantom (D:6)
  A wolf (D:10)
  3 centaurs
  2 crocodiles (D:10)
  A bullfrog (Lair:1)
  A howler monkey (D:5)
  3 orc wizards (D:7)
  A worker ant (D:5)
  2 orcs
  A giant cockroach (D:6)
  4 jackals (D:5)
31 creatures vanquished.

Vanquished Creatures (others)
  6 plants (D:5)
6 creatures vanquished.

Grand Total: 249 creatures vanquished

Notes
Turn   | Place    | Note
-------+----------+-------------------------------------------
     0 | D:1      | sahdkjhfkaj the Demonspawn Venom Mage began the quest for
                  | the Orb.
     0 | D:1      | Reached XP level 1. HP: 13/13 MP: 3/3
    32 | D:1      | Reached skill level 1 in Transmutations
   407 | D:1      | Reached skill level 1 in Fighting
   407 | D:1      | Gained mutation: You have a pair of small horns on your
                  | head. [demonic ancestry]
   407 | D:1      | Reached XP level 2. HP: 14/21 MP: 0/5
   411 | D:1      | Learned a level 2 spell: Poisonous Vapours
   979 | D:1      | Reached skill level 1 in Air Magic
  1721 | D:1      | Reached XP level 3. HP: 6/26 MP: 0/6
  2163 | D:1      | Gained mutation: You are partially covered in slimy green
                  | scales. (AC +2) [demonic ancestry]
  2163 | D:1      | Reached XP level 4. HP: 19/32 MP: 0/7
  2985 | D:2      | Found an iron altar of Okawaru.
  3063 | D:3      | Learned a level 4 spell: Olgreb's Toxic Radiance
  3269 | D:3      | Reached XP level 5. HP: 38/40 MP: 1/8
  4168 | D:3      | Found a burning altar of Makhleb.
  4811 | D:4      | Found a hide-covered altar of Uskayaw.
  5285 | D:4      | Gained mutation: A weak demonic guardian rushes to your
                  | aid. [demonic ancestry]
  5285 | D:4      | Reached XP level 6. HP: 47/47 MP: 0/9
  5558 | D:4      | Noticed a slave
  5558 | D:4      | Noticed a slave
  5558 | D:4      | Noticed a slave
  5564 | D:4      | Noticed Pikel
  5569 | D:4      | Noticed a slave
  5579 | D:4      | Killed Pikel
  5579 | D:4      | Reached skill level 3 in Spellcasting
  5579 | D:4      | Reached skill level 5 in Poison Magic
  5579 | D:4      | Gained mutation: A demonic guardian rushes to your aid.
                  | [demonic ancestry]
  5579 | D:4      | Reached XP level 7. HP: 52/54 MP: 0/11
  5785 | D:5      | Entered Level 5 of the Dungeon
  6361 | D:5      | Noticed sahdkjhfkaj's ghost (novice TeCj)
  6382 | D:5      | Found a transporter.
  6760 | D:5      | Reached skill level 5 in Fighting
  6760 | D:5      | Gained mutation: You are mostly covered in slimy green
                  | scales. (AC +3) [demonic ancestry]
  6760 | D:5      | Reached XP level 8. HP: 28/62 MP: 12/12
  6765 | D:5      | Learned a level 3 spell: Ignite Poison
  6769 | D:5      | Learned a level 3 spell: Mephitic Cloud
  7051 | D:5      | Found a glowing silver altar of Zin.
  7216 | D:5      | Noticed Jessica
  7218 | D:5      | Killed Jessica
  7282 | D:5      | Found a shimmering blue altar of Sif Muna.
  7316 | D:5      | Found a staircase to the Ecumenical Temple.
  7326 | D:5      | Found a transporter.
  7347 | Temple   | Entered the Ecumenical Temple
  7565 | Temple   | Became a worshipper of Gozag Ym Sagoz the Greedy
  7683 | D:5      | Reached skill level 4 in Spellcasting
  7854 | D:5      | Found a shimmering altar of Xom.
  8278 | D:6      | Reached skill level 1 in Fire Magic
  8358 | D:6      | Found a basalt altar of Yredelemnul.
  8402 | D:6      | Found a sand-covered staircase.
  8578 | D:6      | Reached skill level 1 in Evocations
  9018 | D:6      | Found a glowing golden altar of the Shining One.
  9240 | D:6      | Found a runed translucent door.
  9251 | D:6      | Found a runed translucent door.
  9791 | D:6      | Gained mutation: Your flesh is cold resistant. (rC+)
                  | [demonic ancestry]
  9791 | D:6      | Reached XP level 9. HP: 14/68 MP: 8/15
 10098 | D:6      | Found a shattered altar of Ashenzari.
 10098 | D:6      | Found a bloodstained altar of Trog.
 11827 | D:7      | Noticed Joseph
 11839 | D:7      | Killed Joseph
 11839 | D:7      | Reached skill level 5 in Spellcasting
 12201 | D:8      | Reached skill level 6 in Spellcasting
 12763 | D:8      | Found a radiant altar of Vehumet.
 12768 | D:8      | Found a shimmering blue altar of Sif Muna.
 12769 | D:8      | Found a stormy altar of Qazlal.
 12770 | D:8      | Found a snail-covered altar of Cheibriados.
 12771 | D:8      | Found a shadowy altar of Dithmenos.
 13393 | D:9      | Reached skill level 5 in Evocations
 13670 | D:9      | Reached skill level 5 in Dodging
 13957 | D:9      | Found a staircase to the Orcish Mines.
 13970 | D:9      | Gained mutation: You have a pair of horns on your head.
                  | [demonic ancestry]
 13970 | D:9      | Reached XP level 10. HP: 74/76 MP: 19/19
 14094 | D:9      | Noticed a two-headed ogre
 14098 | D:9      | Killed a two-headed ogre
 14155 | D:9      | Reached skill level 7 in Spellcasting
 14726 | D:10     | Entered Level 10 of the Dungeon
 14794 | D:10     | Reached skill level 8 in Spellcasting
 15082 | D:10     | Found a staircase to the Lair.
 15220 | D:10     | Reached skill level 9 in Spellcasting
 15656 | D:10     | Noticed a two-headed ogre
 15662 | D:10     | Killed a two-headed ogre
 15662 | D:10     | Reached skill level 10 in Spellcasting
 16016 | D:10     | Reached XP level 11. HP: 81/83 MP: 7/25
 16190 | D:10     | Noticed a two-headed ogre
 16199 | D:10     | Killed a two-headed ogre
 16857 | Lair:1   | Entered Level 1 of the Lair of Beasts
 17425 | Lair:1   | Noticed a catoblepas
 17438 | Lair:1   | Killed a catoblepas
 17517 | Lair:1   | Got a twisted robe
 17527 | Lair:1   | Identified the +2 robe of Ryenod {rF+ Str+2} (You found it
                  | on level 1 of the Lair of Beasts)
 17689 | Lair:1   | Noticed a six-headed hydra
 17716 | Lair:1   | HP: 4/89 [six-headed hydra (14)]
 17716 | Lair:1   | Slain by a six-headed hydra

Illustrated notes

Levels and vault maps discovered:
D:1:      minmay_arrival_wavy_path, layout_loops_corners
D:2:      cheibrodos_pilgrimage, layout_rooms, lemuel_coloured_pillars_altar
D:3:      wad_woods_settlement, layout_loops_corners, lightli_temple_of_fire
D:4:      layout_loops_ring, eat_drink_and_be_merry_uskayaw, uniq_pikel
D:5:      layout_loops_ring, marbit_many_paths, temple_pool_b, basic_altar,
          gammafunk_ghost_gnarly_gnolls, first_ration, tgw_sif
D:6:      lemuel_insect_pit, layout_loops_corners, yredelemnul_altar_generic,
          nicolae_tso_besieged_by_evil, gammafunk_temple_overflow_wave,
          enter_ossuary_1, portal_sewer_entry_d, nicolae_water_bricks,
          st_stairs_14
D:7:      layout_cave_pods, uniq_joseph
D:8:      layout_cave_pods, grunt_temple_overflow_open
D:9:      layout_irregular_city, david_orc_3, grunt_pizzeria,
          kennysheep_generic_room_5
D:10:     layout_stronghold, minmay_lair_entry_grove
Temple:   jpeg_temple_island
Lair:1:   layout_chaotic_city, minmay_holes

Skill      XL: |  1  2  3  4  5  6  7  8  9 10 11 |
---------------+----------------------------------+-----
Transmutations | 1 3 |  3.0
Dodging        | 2 3 5 |  5.0
Stealth        | 2 |  2.0
Fighting       | 1 2 3 4 5 6 9 |  9.0
Air Magic      | 1 3 |  3.0
Spellcasting   | 3 4 6 10 | 10.0
Poison Magic   | 5 6 7 |  7.0
Fire Magic     | 2 3 |  3.0
Evocations     | 3 5 |  5.0

Action                   |  1- 3 |  4- 6 |  7- 9 | 10-12 || total
-------------------------+-------+-------+-------+-------++-------
Melee: Unarmed           |    36 |    30 |     1 |    15 ||    82
       Headbutt          |     5 |    20 |    36 |     2 ||    63
       Arbalest          |       |    23 |     2 |       ||    25
       Short sword       |       |    33 |       |       ||    33
       Spear             |       |    37 |   288 |       ||   325
 Fire: Arbalest          |       |       |    76 |    55 ||   131
 Cast: Sting             |    31 |     4 |   101 |    59 ||   195
       Poisonous Vapours |    16 |    59 |    11 |       ||    86
       Olgreb's Toxic Ra |       |       |    17 |     9 ||    26
       Ignite Poison     |       |       |    14 |    22 ||    36
Evoke: Wand              |       |       |     3 |       ||     3
  Use: Scroll            |       |     5 |     7 |     2 ||    14
       Potion            |       |     3 |     2 |       ||     5
 Stab: Sleeping          |       |     3 |     3 |     1 ||     7
  Eat: Chunk             |     1 |     8 |     4 |       ||    13
       Ration            |     1 |     2 |     8 |     4 ||    15
Armor: Robe              |    13 |    39 |    88 |    21 ||   161
Dodge: Dodged            |    42 |    74 |   310 |   104 ||   530
       Repelled          |       |       |    14 |     1 ||    15
